 Dungeon Crawl Stone Soup version 0.23.1 (webtiles) character file.

Game seed: 4307730733751015689

711 kae the Chopper (level 7, -7/61 HPs)
             Began as a Hill Orc Fighter on Mar 16, 2019.
             Was an Initiate of Qazlal.
             Mangled by Sigmund
             ... wielding a +2 scythe of venom
              (12 damage)
             ... on level 5 of the Dungeon.
             The game lasted 00:06:18 (4888 turns).

kae the Chopper (Hill Orc Fighter)                  Turns: 4888, Time: 00:06:18

Health: -7/61      AC:  9    Str: 26    XL:     7   Next: 68%
Magic:  11/11      EV:  7    Int:  8    God:    Qazlal [......]
Gold:   250        SH: 10    Dex: 10    Spells: 6/6 levels left

rFire    . . .     SeeInvis .   a - +1 war axe
rCold    . . .     Gourm    .   c - +0 shield
rNeg     + . .     Faith    .   b - +1 scale mail
rPois    .         Spirit   .   (no helmet)
rElec    .         Reflect  .   (no cloak)
rCorr    .         Harm     .   e - +0 pair of gloves
MR       +....                  (no boots)
Stlth    ..........             p - amulet of rage
HPRegen  0.20/turn              g - ring of protection from magic
MPRegen  0.12/turn              s - ring of positive energy

@: mighty, lethally poisoned (-7 -> -25)
A: no striking features
a: Renounce Religion, Evoke Berserk Rage


You were on level 5 of the Dungeon.
You worshipped Qazlal.
Qazlal was noncommittal.
You were not hungry.

You visited 1 branch of the dungeon, and saw 5 of its levels.

You collected 250 gold pieces.

Inventory:

Hand Weapons
 a - a +1 war axe (weapon)
Armour
 b - a +1 scale mail (worn)
 c - a +0 shield (worn)
 e - a +0 pair of gloves (worn)
Jewellery
 g - a ring of protection from magic (left hand)
 i - an uncursed ring of protection from fire
 p - an amulet of rage (around neck)
 s - a ring of positive energy (right hand)
Wands
 r - a wand of random effects (24)
Scrolls
 h - 4 scrolls of blinking
 m - a scroll of teleportation
 n - a scroll of identify
 o - a scroll of enchant armour
 u - a scroll of fear
 v - a scroll of remove curse
Potions
 j - a potion of degeneration {unknown}
 k - a potion of haste {unknown}
 l - a potion of berserk rage
 q - 2 potions of agility {unknown}
Comestibles
 f - 8 rations
 t - 6 chunks of flesh


   Skills:
 + Level 5.5 Fighting
 * Level 7.1 Axes
 - Level 3.9 Armour
 - Level 3.9 Shields
 * Level 5.3 Invocations
 + Level 1.2 Evocations


You had 6 spell levels left.
You didn't know any spells.
Your spell library was empty.

Dungeon Overview and Level Annotations

Branches:
Dungeon (5/15)             Temple (0/1) D:4

Altars:
Dithmenos
Elyvilon
Fedhas
Gozag
Kikubaaqudgha
Qazlal
Sif Muna
Uskayaw
Xom
Zin

Annotations:
D:5 Sigmund


Message History

You are lethally poisoned!
You slash something!
* * * LOW HITPOINT WARNING * * *
You feel very sick. Something hits you but does no damage.
You feel very mighty all of a sudden.
* * * LOW HITPOINT WARNING * * *
You feel sick.
You miss something.
* * * LOW HITPOINT WARNING * * *
You feel very sick. Something hits you but does no damage.
Your shield and scale mail prevent you from hitting something.
* * * LOW HITPOINT WARNING * * *
You feel very sick. You block something's attack.
You barely miss something.
* * * LOW HITPOINT WARNING * * *
You feel sick. Something hits you!
You die...

#...........# #.####
#...........######.....
#...........'..........
#...........###########
#...........#
#...........# ###
#...........# #..
####{..##### #######+#
#....@.# #........
#......# #........
#......# #........
######## #........
#........ #........
#........ ##.......
#.......


There were no monsters in sight!

Vanquished Creatures
  Menkaure (D:4)
  An ogre (D:4)
  A centaur (D:5)
  A howler monkey (D:5)
  A hound (D:5)
  An orc priest (D:5)
  3 iguanas
  Terence (D:3)
  A worker ant (D:4)
  6 adders
  4 gnolls (D:5)
  2 oozes
  6 worms
  2 dart slugs
  A leopard gecko (D:2)
  2 orcs (D:5)
  2 ball pythons
  9 bats
  5 giant cockroaches
  3 goblins
  6 hobgoblins
  8 jackals
  3 kobolds
  A quokka (D:5)
  7 frilled lizards
  A quokka zombie (D:5)
  3 rats
82 creatures vanquished.

Notes
Turn   | Place    | Note
-------+----------+-------------------------------------------
     0 | D:1      | kae the Hill Orc Fighter began the quest for the Orb.
     0 | D:1      | Reached XP level 1. HP: 19/19 MP: 1/1
    97 | D:1      | Reached skill level 3 in Axes
   259 | D:1      | Reached XP level 2. HP: 25/27 MP: 2/2
   996 | D:2      | Reached XP level 3. HP: 33/33 MP: 3/3
  1215 | D:2      | Reached skill level 4 in Axes
  1224 | D:2      | Reached XP level 4. HP: 40/40 MP: 4/4
  1725 | D:3      | Noticed Terence
  1743 | D:3      | Killed Terence
  1801 | D:3      | Found an opulent altar of Gozag.
  1804 | D:3      | Found a hide-covered altar of Uskayaw.
  1807 | D:3      | Found a shadowy altar of Dithmenos.
  1808 | D:3      | Found a glowing silver altar of Zin.
  1808 | D:3      | Found a white marble altar of Elyvilon.
  1808 | D:3      | Found a deep blue altar of Sif Muna.
  1808 | D:3      | Found a stormy altar of Qazlal.
  1811 | D:3      | Found a blossoming altar of Fedhas.
  1813 | D:3      | Found a shimmering altar of Xom.
  1816 | D:3      | Became a worshipper of Qazlal Stormbringer
  2096 | D:3      | Found a faded altar of an unknown god.
  2279 | D:3      | Reached XP level 5. HP: 47/47 MP: 5/5
  2283 | D:3      | Reached skill level 1 in Invocations
  2969 | D:4      | Noticed Menkaure
  2984 | D:4      | Killed Menkaure
  2984 | D:4      | Reached skill level 5 in Axes
  2984 | D:4      | Reached XP level 6. HP: 46/55 MP: 6/8
  3410 | D:4      | Reached skill level 5 in Fighting
  3410 | D:4      | Reached skill level 6 in Axes
  3444 | D:4      | Found an ancient bone altar of Kikubaaqudgha.
  3858 | D:4      | Reached XP level 7. HP: 54/61 MP: 10/10
  3930 | D:4      | Found a staircase to the Ecumenical Temple.
  4280 | D:5      | Entered Level 5 of the Dungeon
  4727 | D:5      | Reached skill level 7 in Axes
  4727 | D:5      | Reached skill level 5 in Invocations
  4727 | D:5      | Reached skill level 1 in Evocations
  4870 | D:5      | Noticed Sigmund
  4888 | D:5      | Mangled by Sigmund

Skill      XL: |  1  2  3  4  5  6  7 |
---------------+----------------------+-----
Axes           | 3 4 5 6 7 |  7.1
Fighting       | 4 5 |  5.5
Invocations    | 3 4 5 |  5.3
Evocations     | 1 |  1.2
Armour         | |  3.9
Shields        | |  3.9

Action                   |  1- 3 |  4- 6 |  7- 9 || total
-------------------------+-------+-------+-------++-------
Melee: War axe           |   113 |   118 |    84 ||   315
 Abil: Evoke Berserk Rag |       |     3 |       ||     3
  Use: Scroll            |       |     8 |     2 ||    10
       Potion            |       |       |     1 ||     1
  Eat: Chunk             |     1 |     8 |     3 ||    12
       Ration            |       |     1 |       ||     1
Armor: Scale mail        |    58 |    36 |    32 ||   126
Dodge: Dodged            |    39 |    30 |    26 ||    95
Block: Shield            |    72 |    44 |    43 ||   159
